 Dungeon Crawl Stone Soup version 0.23-a0-171-g5ae17c6e89 (webtiles) character file.

170 PikkenKukken the Covered (level 5, -3/49 HPs)
             Began as a Deep Dwarf Fighter on Sept 14, 2018.
             Killed from afar by an orc wizard (9 damage)
             ... with a puff of flame
             ... on level 4 of the Dungeon.
             The game lasted 00:04:49 (2143 turns).

PikkenKukken the Covered (Deep Dwarf Fighter)       Turns: 2143, Time: 00:04:50

Health: -3/49      AC: 11    Str: 20    XL:     5   Next: 26%
Magic:  5/5        EV:  3    Int:  9    God:
Gold:   91         SH: 10    Dex: 12    Spells: 4/4 levels left

rFire    . . .     SeeInvis .   o - +0 broad axe
rCold    . . .     Gourm    .   c - +1 shield
rNeg     . . .     Faith    .   k - +0 plate armour
rPois    .         Spirit   .   (no helmet)
rElec    .         Reflect  .   (no cloak)
rCorr    .         Harm     .   (no gloves)
MR       .....                  (no boots)
Stlth    ..........             (no amulet)
HPRegen  0.00/turn              (no ring)
MPRegen  0.09/turn              (no ring)

@: about to teleport, non-regenerating
A: damage resistance, heal wounds, sense surroundings 1, no regeneration
a: Heal Wounds


You were on level 4 of the Dungeon.
You were hungry.

You visited 2 branches of the dungeon, and saw 5 of its levels.

You collected 195 gold pieces.
You spent 104 gold pieces at shops.

Inventory:

Hand Weapons
 o - a +0 broad axe (weapon)
Armour
 c - a +1 shield (worn)
 k - a +0 plate armour (worn)
 m - a +0 chain mail
Jewellery
 n - an uncursed ring of positive energy {unknown}
Scrolls
 h - 6 scrolls of identify
 p - a scroll of magic mapping
Potions
 b - a potion of cancellation {unknown}
 d - a potion of might
 e - 2 potions of mutation {unknown}
 j - a potion of curing
 l - 2 potions of resistance
Comestibles
 f - 6 rations
 g - 9 chunks of flesh


   Skills:
 + Level 3.4 Fighting
 * Level 4.2 Axes
 + Level 4.2 Armour
 - Level 4.0 Shields


You had 4 spell levels left.
You didn't know any spells.
Your spell library was empty.

Dungeon Overview and Level Annotations

Branches:
Dungeon (4/15)             Temple (1/1) D:4

Altars:
Ashenzari
Cheibriados
Fedhas
Gozag
Hepliaklqana
Kikubaaqudgha
Nemelex Xobeh
Okawaru
Qazlal
Sif Muna
Trog
Vehumet
Xom
Yredelemnul
Zin
The Shining One

Shops:
D:4 *


Innate Abilities, Weirdness & Mutations

You are resistant to damage.
You can heal yourself by infusing magical energy.
You passively map a small area around you.
You do not regenerate.


Message History

You feel strangely unstable. The orc wizard casts a spell at you.
The puff of flame hits you!
You hit the orc priest but do no damage.
The orc priest is moderately wounded.
You hit the orc wizard but do no damage.
You are feeling hungry.
The orc wizard hits you but does no damage.
The orc priest hits you but does no damage.
Unknown command.
You slash the orc priest!
The orc priest is almost dead.
You hit the orc priest.
You hit the orc wizard but do no damage.
You block the orc wizard's attack.
The orc priest hits you but does no damage.
You block the orc priest's attack. The orc wizard casts a spell at you.
The puff of flame hits you!
You die...

#.#.#)###
#.#∩#...#
#.......#
###.#.....#
#.#.###.#
#.....#.#
###.....#
*#######?#########
,
.......o@........
,
*.######oo§≈§..##
, .......≈≈§§≈.#
.####.≈≈§§§≈§# *
#.≈§§>§§≈# ,
##≈§§§≈§≈# *
#.≈≈§≈≈.# * , *
#..§≈§..# ,
,!.....####


You could see 2 orc priests and an orc wizard.

Vanquished Creatures
  An orc wizard (D:4)
  A worker ant (D:3)
  2 adders
  An ooze (D:2)
  3 worms (D:3)
  5 dart slugs
  A leopard gecko (D:2)
  5 orcs (D:4)
  10 bats
  4 giant cockroaches (D:2)
  13 goblins
  7 hobgoblins
  2 jackals (D:2)
  A quokka (D:2)
  A ball python (D:1)
  8 frilled lizards
  2 kobolds (D:3)
  3 rats
70 creatures vanquished.

Notes
Turn   | Place    | Note
-------+----------+-------------------------------------------
     0 | D:1      | PikkenKukken the Deep Dwarf Fighter began the quest for the
                  | Orb.
     0 | D:1      | Reached XP level 1. HP: 20/20 MP: 1/1
    84 | D:1      | Reached XP level 2. HP: 18/27 MP: 2/2
   362 | D:1      | Reached XP level 3. HP: 21/33 MP: 3/3
   910 | D:2      | Found a radiant altar of Vehumet.
  1066 | D:2      | Found a snail-covered altar of Cheibriados.
  1086 | D:2      | Reached XP level 4. HP: 42/42 MP: 4/4
  1831 | D:3      | Found a glowing golden altar of the Shining One.
  1841 | D:3      | Found a shattered altar of Ashenzari.
  1842 | D:3      | Found a glowing silver altar of Zin.
  1844 | D:3      | Found an ancient bone altar of Kikubaaqudgha.
  1846 | D:3      | Found an iron altar of Okawaru.
  1968 | D:4      | Reached XP level 5. HP: 46/49 MP: 5/5
  1980 | D:4      | Found Noyhujee's General Store.
  1983 | D:4      | Bought a +0 broad axe for 44 gold pieces
  1983 | D:4      | Bought a scroll of magic mapping for 38 gold pieces
  1983 | D:4      | Bought a scroll of identify for 22 gold pieces
  1993 | D:4      | Found a staircase to the Ecumenical Temple.
  2002 | Temple   | Entered the Ecumenical Temple
  2143 | D:4      | Killed from afar by an orc wizard

Vault maps used:
D:1:      eino_arrival_tree_alley, grunt_decor_mini_mirrors, minmay_heptomino_w4
D:2:      cheibriados_altar_1, vehumet_crystals
D:3:      minitemple
D:4:      old_standard_altar, minmay_temple_entry_mist, serial_shops, shop,
          shop, shop_statue
Temple:   nicolae_temple_figure_zero

Skill      XL: |  1  2  3  4 |
---------------+-------------+-----
Axes           | 3 4 |  4.2
Fighting       | 3 |  3.4
Armour         | 4 |  4.2
Shields        | 4 |  4.0

Action                   |  1- 3 |  4- 6 || total
-------------------------+-------+-------++-------
Melee: War axe           |   132 |    84 ||   216
       Broad axe         |       |    12 ||    12
 Abil: Heal Wounds       |     2 |       ||     2
  Use: Scroll            |     5 |     4 ||     9
       Potion            |       |     1 ||     1
  Eat: Chunk             |     1 |     3 ||     4
Armor: Scale mail        |    59 |       ||    59
       Chain mail        |    34 |     5 ||    39
       Plate armour      |       |    42 ||    42
Dodge: Dodged            |    45 |     6 ||    51
Block: Shield            |    69 |    47 ||   116

Table legend:
 A = Non-vault XP
 B = Vault XP
 C = Vault XP percentage of total XP
 D = Non-vault monster count
 E = Vault monster count
 F = Vault count percentage of total count
                 A         B        C        D         E       F
            +---------+---------+-------+---------+---------+-------
      Total |     235 |       9 |   3.7 |      64 |       6 |   8.6
            +---------+---------+-------+---------+---------+-------
        D:1 |      47 |       9 |  16.1 |      24 |       6 |  20.0
        D:2 |      53 |       0 |   0.0 |      18 |       0 |   0.0
        D:3 |      78 |       0 |   0.0 |      16 |       0 |   0.0
        D:4 |      57 |       0 |   0.0 |       6 |       0 |   0.0
            +---------+---------+-------+---------+---------+-------
